 Dungeon Crawl Stone Soup version 0.28.0-53-g5a82cb258f (webtiles) character file.

Game seed: 3389328240987702801

314 Infinimo the Digger (level 6, -1/32 HPs)
             Began as a Gargoyle Earth Elementalist on June 5, 2022.
             Slain by Grinder (3 damage)
             ... while paralysed by Grinder
             ... on level 4 of the Dungeon.
             The game lasted 00:07:23 (5793 turns).

Infinimo the Digger (Gargoyle Earth Elementalist)   Turns: 5793, Time: 00:07:24

Health: -1/32      AC:  7    Str: 11    XL:     6   Next: 43%
Magic:  5/11       EV:  2    Int: 18    God:
Gold:   186        SH:  0    Dex: 10    Spells: 8/12 levels left

rFire   . . .      SeeInvis .   g - +1 whip
rCold   . . .      Faith    .   (no shield)
rNeg    + . .      Spirit   .   b - +0 robe
rPois   ∞          Reflect  .   m - +1 hat
rElec   +          Harm     .   (no cloak)
rCorr   .          Rampage  .   (no gloves)
Will    .....                   (no boots)
Stlth   ++........              (no amulet)
HPRegen 0.10/turn               (no ring)
MPRegen 0.12/turn               (no ring)

@: paralysed
A: sickness immunity, AC +4, negative energy resistance 1, electricity
resistance, torment resistance 1, petrification resistance
a: no special abilities


You were on level 4 of the Dungeon.
You visited 1 branch of the dungeon, and saw 4 of its levels.

You collected 186 gold pieces.

Inventory:

Hand Weapons
 g - a +1 whip (weapon)
Armour
 b - a +0 robe (worn)
 m - a +1 hat (worn)
Jewellery
 k - a +6 ring of strength
 n - a +6 ring of dexterity
Wands
 h - a wand of paralysis (11)
Scrolls
 c - a scroll of magic mapping {unknown}
 f - 3 scrolls of identify
 i - 3 scrolls of enchant weapon
 j - a scroll of fear
 l - a scroll of silence {unknown}
Potions
 d - a potion of attraction
 e - a potion of curing
 p - a potion of mutation {unknown}
 q - a potion of heal wounds {unknown}
 r - 2 potions of lignification {unknown}


   Skills:
 - Level 1.8 Dodging
 - Level 2.5 Stealth
 + Level 3.6 Spellcasting
 - Level 1.0 Transmutations
 * Level 7.0 Earth Magic


You had 8 spell levels left.
You knew the following spells:

 Your Spells              Type           Power      Damage    Failure   Level
a - Sandblast             Erth           56%        2d13      1%          1
b - Stone Arrow           Conj/Erth      30%        3d8       11%         3

Your spell library contained the following spells:

 Spells                   Type           Power      Damage    Failure   Level
 Passwall                 Tmut/Erth      14%        N/A       4%          2
 Petrify                  Tmut/Erth      17%        N/A       28%         4
 Dazzling Flash           Conj/Hex       6%         N/A       43%         3
 Iskenderun's Mystic Bla  Conj/Tloc      3%         2d3       83%         4
 Starburst                Conj/Fire      1%         6d3       100%        6


Dungeon Overview and Level Annotations

Branches:
Dungeon (4/15)
 Temple: D:4-7

Altars:
Nemelex Xobeh

Shops:
D:4 ?

Annotations:
D:3 Dowan, Duvessa
D:4 Grinder


Innate Abilities, Weirdness & Mutations

You are immune to sickness and miasma.
Your stone body is resilient. (AC +4)
You are immune to poison.
You resist negative energy. (rN+)
You are resistant to electric shocks. (rElec)
You are resistant to unholy torment.
You are immune to petrification.


Message History

Grinder blinks!
Grinder hits you.
You writhe in agony.
You closely miss Grinder.
Grinder is almost dead.
Grinder gestures at you.
You suddenly lose the ability to move!
Grinder barely misses you.
Grinder says, "At least Makhleb appreciates what I'm doing."
Grinder hits you.
You writhe in agony.
Grinder hits you.
You writhe in agony.
Grinder gestures at you. You resist with significant effort. Grinder hits you!
* * * LOW HITPOINT WARNING * * *
You writhe in agony.
* * * LOW HITPOINT WARNING * * *
Grinder says, "Mostly I couldn't keep them alive."
Grinder completely misses you. Grinder hits you.
* * * LOW HITPOINT WARNING * * *
You can move again.
Unknown command.
Unknown command.
Unknown command.
Unknown command.
It was a potion of cancellation.
You feel magically purged. Grinder gestures at you.
You resist with significant effort.
Sorry, you're not good enough to have a special ability.
It was a potion of curing.
You feel better.
Grinder says, "My boss said I was rubbish.
His entrails said otherwise."
You hit Grinder.
Grinder is almost dead.
Grinder gestures at you.
You suddenly lose the ability to move!
Grinder blinks!
Grinder hits you but does no damage. Grinder hits you!
* * * LOW HITPOINT WARNING * * *
You writhe in agony.
You die...

#### .# ##### ##..# ...#
#...# ##..o### ...# ###...#
#<.#.##.. ...##
######.....# #5##.##.# ....
....##.....# #@##.##.##..#
....##.....# #§##.##....#
...........# #.##.##....#
..........## #.##......##
....)......#####.##.#....##
....#.........##....$.....#
..#.#......##.............#
#..............#..........#
##............##.......)..#


You could see Grinder.

Vanquished Creatures
  An orc priest (D:4)
  A hound (D:4)
  Natasha (thrice) (D:2)
  A hound skeleton (D:4)
  5 adders
  A gnoll (D:1)
  An adder skeleton (D:4)
  5 worms
  2 dart slugs (D:1)
  3 orcs (D:4)
  7 bats
  6 endoplasms
  3 giant cockroaches
  6 goblins
  10 hobgoblins
  8 jackals
  5 quokkas
  5 ball pythons
  5 frilled lizards
  6 kobolds
  5 rats
89 creatures vanquished.

Notes
Turn   | Place    | Note
-------+----------+-------------------------------------------
     0 | D:1      | Infinimo the Gargoyle Earth Elementalist began the quest
                  | for the Orb.
     0 | D:1      | Reached XP level 1. HP: 10/10 MP: 3/3
   278 | D:1      | Reached skill level 1 in Transmutations
   278 | D:1      | Reached XP level 2. HP: 15/15 MP: 0/5
   544 | D:1      | Reached skill level 4 in Earth Magic
   667 | D:1      | Reached XP level 3. HP: 17/19 MP: 1/6
  1592 | D:2      | Reached XP level 4. HP: 24/24 MP: 4/7
  1627 | D:2      | Noticed Natasha
  1634 | D:2      | Killed Natasha
  1635 | D:2      | Reached skill level 5 in Earth Magic
  1822 | D:2      | Found a faded altar of an unknown god.
  1938 | D:2      | Noticed Natasha
  1942 | D:2      | Killed Natasha
  1943 | D:2      | Reached XP level 5. HP: 28/28 MP: 6/9
  2013 | D:2      | Noticed Natasha
  2018 | D:2      | Killed Natasha
  2678 | D:3      | Reached skill level 6 in Earth Magic
  2937 | D:3      | Found a sparkling altar of Nemelex Xobeh.
  3701 | D:4      | Noticed Dowan
  3703 | D:4      | Noticed Duvessa
  3942 | D:4      | Reached XP level 6. HP: 32/32 MP: 4/11
  4646 | D:3      | Learned a level 3 spell: Stone Arrow
  4660 | D:4      | Noticed Grinder
  5065 | D:4      | Found Nyer's Magic Scroll Emporium.
  5127 | D:4      | Reached skill level 7 in Earth Magic
  5315 | D:4      | Paralysed by Grinder for 5 turns
  5438 | D:4      | Paralysed by Grinder for 7 turns
  5456 | D:4      | Paralysed by Grinder for 4 turns
  5777 | D:4      | Paralysed by Grinder for 7 turns
  5790 | D:4      | Paralysed by Grinder for 7 turns
  5793 | D:4      | Slain by Grinder

Illustrated notes

Levels and vault maps discovered:
D:1:      nicolae_arrival_washed_ashore, layout_loops_ring, serial_forest,
          infiniplex_forest_fountain, infiniplex_forest_lined_corner,
          infiniplex_forest_end_2, infiniplex_forest_lined_2,
          infiniplex_forest_straight_1, minmay_ruptured
D:2:      layout_loops_ring, hellmonk_ecumenical_altar_prayer_group,
          uniq_natasha
D:3:      minmay_door_path, layout_basic, general_overflow_altar,
          serial_co_window_serial, co_window_paths_a, co_window_cross_1,
          co_window_paths_b, co_window_paths_a, co_window_corner_a,
          co_window_paths_c, co_window_corner_b, co_window_unsneaky_path_c,
          co_window_4corner_a, co_window_4corner_b
D:4:      layout_rooms, serial_shops, nicolae_shop_stone,
          nicolae_ossuary_entry_catacombs, nicolae_wormholes, uniq_grinder,
          uniq_duvessa

Skill      XL: |  1  2  3  4  5  6 |
---------------+-------------------+-----
Transmutations | 1 |  1.0
Earth Magic    | 4 5 6 7 |  7.0
Spellcasting   | 3 |  3.6
Dodging        | |  1.8
Stealth        | |  2.5

Action                   |  1- 3 |  4- 6 || total
-------------------------+-------+-------++-------
Melee: Unarmed           |    16 |       ||    16
       Whip              |    40 |    68 ||   108
       Punch             |     1 |     1 ||     2
 Cast: Sandblast         |    36 |    76 ||   112
       Stone Arrow       |       |     7 ||     7
  Use: Scroll            |       |     8 ||     8
       Potion            |       |     2 ||     2
 Stab: Sleeping          |     3 |       ||     3
Armor: Robe              |    25 |    19 ||    44
Dodge: Dodged            |    60 |    39 ||    99
